 Dungeon Crawl Stone Soup version 0.32-a0-938-g40ac7a0f4d (webtiles) character file.

Game seed: 5300186761004324008

636 Hubris850 the Charlatan (level 7, -9/54 HPs)
             Began as a Coglin Artificer on Apr 15, 2024.
             Mangled by a gnoll
             ... wielding a +2 heavy spear
             ... led by a gnoll bouda
              (13 damage)
             ... on level 4 of the Dungeon.
             The game lasted 00:09:26 (3284 turns).

Hubris850 the Charlatan (Coglin Artificer)          Turns: 3284, Time: 00:09:27

Health: -9/54      AC:  4    Str: 13    XL:     7   Next: 50%
Magic:  7/7        EV: 11    Int: 12    God:
Gold:   186        SH:  0    Dex: 14    Spells: 6/6 levels left

rFire   . . .        x - +0 whip (elec) {Xiuying}
rCold   . . .        w - +3 short sword (distort) {Amenemopet}
rNeg    . . .        b - +1 leather armour
rPois   .            (no helmet)
rElec   .            (no cloak)
rCorr   .            (no gloves)
SInv    .            (no boots)
Will    .....        (amulet unavailable)
Stlth   ++           (ring unavailable)
HPRegen 0.29/turn    (ring unavailable)
MPRegen 0.10/turn    (no gizmo)

%: no passive effects
@: weakened, revving
A: off-hand wielding, slow wielding, warmup strikes, no jewellery
a: Invent Gizmo


You were on level 4 of the Dungeon.
You visited 1 branch of the dungeon, and saw 4 of its levels.

You collected 186 gold pieces.

Inventory:

Hand Weapons
 a - a +0 club {Kulveer}
 f - a +0 dagger {Wilfried}
 i - a +0 short sword {Thabo}
 k - a +0 sling
 p - a +0 dagger of freezing {Suchat}
 w - a +3 short sword of distortion (offhand) {Amenemopet}
 x - a +0 whip of electrocution (weapon) {Xiuying}
Missiles
 r - 4 curare-tipped darts
 u - 17 poisoned darts
Armour
 b - a +1 leather armour (worn)
Wands
 c - a wand of flame (3) (quivered)
 d - a wand of charming (15)
 e - a wand of iceblast (4)
 n - a wand of acid (4)
Scrolls
 j - a scroll of enchant armour
 l - 4 scrolls of amnesia
 s - a scroll of revelation {unknown}
 t - a scroll of teleportation
Potions
 g - 3 potions of mutation
 h - 3 potions of degeneration
 m - a potion of brilliance {unknown}
 o - a potion of curing {unknown}
 q - a potion of attraction {unknown}
 v - a potion of heal wounds {unknown}


   Skills:
 - Level 4.0 Fighting
 - Level 3.0 Armour
 + Level 3.6 Dodging
 - Level 3.0 Stealth
 - Level 6.0 Evocations


You had 6 spell levels left.
You didn't know any spells.
Your spell library contained the following spells:

 Spells                   Type           Power      Damage    Failure   Level
 Magic Dart               Conj           0%         1d3       38%         1
 Blink                    Tloc           0%         N/A       54%         2
 Call Imp                 Summ           0%         N/A       54%         2
 Cigotuvi's Dreadful Rot  Necr/Alch/Air  0%         N/A       54%         2
 Dispel Undead            Necr           0%         3d6       99%         4
 Ignite Poison            Fire/Alch      0%         N/A       99%         4
 Martyr's Knell           Necr/Summ      0%         N/A       99%         4
 Freezing Cloud           Conj/Ice/Air   0%         6-21      100%        5


Dungeon Overview and Level Annotations

Branches:
Dungeon (4/15)
 Temple: D:4-7

Altars:
Hepliaklqana
Zin

Shops:
D:3 *


Innate Abilities, Weirdness & Mutations

You can wield a second weapon in your off-hand.
It takes a long time for you to wield or remove held weapons.
Your first few attacks do less damage.
You cannot equip rings or amulets.


Message History

t - a scroll of teleportation The gnoll shouts!
A gnoll bouda comes into view. It is wielding a +0 whip.
A gnoll comes into view.
It is wielding a +0 flail and quivering 2 throwing nets.
The puff of flame misses the gnoll.
The puff of flame hits the gnoll.
The gnoll is moderately wounded.
The gnoll shouts!
The gnoll bouda shouts!
The gnoll bouda barks out a call to the hunt!
The gnolls pick up the pace!
The puff of flame hits the gnoll but does no damage.
You start resting.
A gnoll is nearby!
The gnoll hits you from afar with a +2 heavy spear!
You hit the gnoll with your +0 whip of electrocution.
The gnoll is heavily wounded.
You hit the gnoll with your +3 short sword of distortion.
The gnoll blinks!
The gnoll throws a throwing net.
The throwing net hits you.
You become entangled in the net!
You struggle against the net.
The gnoll barely misses you.
You struggle against the net.
The gnoll hits you with a +0 flail!
The gnoll hits you from afar with a +2 heavy spear!
You struggle against the net.
The gnoll hits you with a +0 flail.
The gnoll bouda hits you with a +0 whip!
* * * LOW HITPOINT WARNING * * *
You struggle against the net.
The gnoll hits you but does no damage. The gnoll hits you with a +0 flail.
* * * LOW HITPOINT WARNING * * *
The gnoll bouda hits you with a +0 whip.
* * * LOW HITPOINT WARNING * * *
You rip the net and break free!
The gnoll barely misses you.
The gnoll bouda hits you with a +0 whip.
* * * LOW HITPOINT WARNING * * *
The gnoll misses you.
You puncture the gnoll with your +3 short sword of distortion!
You kill the gnoll!
The gnoll bouda gazes fiercely through you!
You feel your attacks grow feeble. The gnoll bouda barely misses you.
The gnoll hits you from afar with a +2 heavy spear!
You die...

#.......#........#
..#.....#.).#.......
.................#.#
............#.#### #.
...........#... #.#
##........#...##.#.#
#.#.....####......##
#.#).##%#####...#...
#@........#...#.##
##g##...........##
.......g..##.#.#.......
......###...........>..
....g. ..............
....g .#......<.###
..g.. .#..##.##.# ....
. .. #.# ..## #.## #.#


You could see a gnoll bouda and a gnoll (swift).

Vanquished Creatures
  An ice beast (D:4)
  The ghost of EvilEddieB the Conjurer, an amateur HuCj (D:3)
  A phantom (D:3)
  A kobold brigand (D:3)
  A scorpion (D:4)
  A hound (D:4)
  Natasha (twice) (D:3)
  6 gnolls
  7 adders
  2 dart slugs
  2 ribbon worms
  6 endoplasms
  3 giant cockroaches
  7 goblins
  9 hobgoblins
  2 jackals (D:1)
  3 quokkas
  8 ball pythons
  6 bats
  3 frilled lizards
  11 kobolds
  6 rats
89 creatures vanquished.

Notes
Turn   | Place    | Note
-------+----------+-------------------------------------------
     0 | D:1      | Hubris850 the Coglin Artificer began the quest for the Orb.
     0 | D:1      | Reached XP level 1. HP: 15/15 MP: 1/1
    72 | D:1      | Reached skill level 1 in Dodging
   162 | D:1      | Reached skill level 1 in Stealth
   166 | D:1      | Reached XP level 2. HP: 15/21 MP: 2/2
   902 | D:2      | Reached XP level 3. HP: 26/26 MP: 3/3
  1395 | D:2      | Reached XP level 4. HP: 33/33 MP: 4/4
  1771 | D:3      | Found Zin's Purification Station.
  1791 | D:3      | Noticed a phantom
  1802 | D:3      | Killed a phantom
  1803 | D:3      | Reached skill level 5 in Evocations
  1803 | D:3      | Reached XP level 5. HP: 3/39 MP: 5/5
  1959 | D:3      | Found a glowing silver altar of Zin.
  1979 | D:3      | Noticed Natasha
  1998 | D:3      | Killed Natasha
  2199 | D:3      | Reached XP level 6. HP: 44/46 MP: 6/6
  2477 | D:3      | Found a hazy altar of Hepliaklqana.
  2613 | D:3      | Found a runed translucent gate.
  2613 | D:3      | Noticed EvilEddieB's ghost (amateur HuCj)
  2614 | D:3      | Found a runed translucent gate.
  2614 | D:3      | Found a runed translucent gate.
  2629 | D:3      | Killed EvilEddieB's ghost
  2826 | D:3      | Noticed Natasha
  2835 | D:3      | Killed Natasha
  2836 | D:3      | Reached skill level 6 in Evocations
  2836 | D:3      | Reached XP level 7. HP: 43/52 MP: 7/7
  3284 | D:4      | Mangled by a gnoll

Illustrated notes

Levels and vault maps discovered:
D:1:      psy_arrival_basics, layout_loops_ring
D:2:      layout_loops_corners
D:3:      wad_river_or_something, layout_rooms, old_standard_altar, zin_purify,
          gammafunk_ghost_nasty_kobolds, uniq_natasha
D:4:      layout_basic, mainiacjoe_overflow_24_doors, eino_tiny_chamber

Skill      XL: |  1  2  3  4  5  6  7 |
---------------+----------------------+-----
Dodging        | 1 2 3 |  3.6
Stealth        | 1 2 3 |  3.0
Armour         | 2 3 |  3.0
Fighting       | 2 3 4 |  4.0
Evocations     | 5 6 |  6.0

Action                     |  1- 3 |  4- 6 |  7- 9 || total
---------------------------+-------+-------+-------++-------
  Melee: Dagger            |   105 |    71 |       ||   176
         Club              |    12 |       |       ||    12
         Short sword       |    95 |    72 |    31 ||   198
         Whip              |       |     5 |    34 ||    39
  Evoke: Wand              |     1 |    10 |     6 ||    17
    Use: Scroll            |     5 |     5 |       ||    10
   Stab: Sleeping          |     1 |     6 |       ||     7
 Armour: Leather armour    |    73 |    49 |    28 ||   150
  Dodge: Dodged            |    77 |    41 |    20 ||   138

Table legend: (Time is in decaauts)
 A = Elapsed time spent in this place.
 B = Non-inter-level travel time spent in this place.
 C = Inter-level travel time spent in this place.
 D = Time resting spent in this place.
 E = Time spent auto-exploring this place.
 F = Levels seen in this place.
 G = Mean time per level.
                   A        B        C        D        E       F      G
               +--------+--------+--------+--------+--------+-----+--------+
         Total |   3293 |   3230 |     63 |    314 |   2229 |   4 |  823.2 |
       Dungeon |   3293 |   3230 |     63 |    314 |   2229 |   4 |  823.2 |
               +--------+--------+--------+--------+--------+-----+--------+

Top non-repeatable levels by time:
     D:3: 1156 daAuts
     D:2: 957 daAuts
     D:1: 815 daAuts
     D:4: 363 daAuts
